 Dungeon Crawl Stone Soup version 0.31-a0-345-g1ebeae05c6 (webtiles) character file.

Game seed: 3503050460499508092

469442 shadowrider38 the Peltast (level 24, -11/178 HPs)
             Began as a Vine Stalker Shapeshifter on July 23, 2023.
             Was an Initiate of Gozag.
             Mangled by a reaper
             ... wielding a +6 scythe of protection
              (25 damage)
             ... in the Vestibule of Hell.
             The game lasted 01:21:53 (46330 turns).

shadowrider38 the Peltast (VSSh)                   Turns: 46330, Time: 01:21:54

Health: -11/178    AC: 26    Str: 19    XL:     24   Next: 64%
Magic:  0/36       EV: 23    Int:  8    God:    Gozag
Gold:   7447       SH: 24    Dex: 26    Spells: 39/39 levels left

rFire   + . .        a - +8 rapier (vamp)
rCold   + . .        E - +0 tower shield
rNeg    + . .        z - melded +4 plate armour {rF+}
rPois   ∞            w - +2 helmet {SInv}
rElec   +            x - scarf {rC+ rF+}
rCorr   .            j - melded +2 pair of gloves {Dex+3}
SInv    +            L - melded +0 pair of boots of Minor Irritation {Will++ Slay+5 Stlth-}
Will    +++..        (no amulet)
Stlth   +++++        y - +4 ring of slaying
HPRegen 1.29/turn    q - +4 ring of slaying
MPRegen 0.25/turn

%: guardian spirit
@: about to teleport, statue-form, corroded, gold aura, studying 2 skills, very
slow
A: slow and powerful, torment resistance 1, boosted hp, fangs 3, regeneration 1,
magic shield, antimagic bite, no potion heal 2
}: 2/15 runes: decaying, gossamer
a: Begin Untransformation, Renounce Religion, Potion Petition, Call Merchant,
Bribe Branch


You were in the Vestibule of Hell.
You worshipped Gozag.
Gozag was greatly pleased with you.
You were a living statue of rough stone.
You visited 10 branches of the dungeon, and saw 41 of its levels.
You also visited: Volcano.

You collected 20292 gold pieces.
You spent 4436 gold pieces at shops.
You paid 8409 gold pieces to Gozag.

Inventory:

Hand Weapons
 a - a +8 vampiric rapier (weapon)
Missiles
 F - 19 curare-tipped darts (quivered)
 Z - 8 throwing nets
Armour
 j - a +2 pair of gloves of dexterity (melded)
 w - a +2 helmet of see invisible (worn)
 x - a scarf of resistance (worn)
 z - a +4 plate armour of fire resistance (melded)
 E - a +0 tower shield (worn)
 L - the +0 pair of boots of Minor Irritation (melded) {Will++ Slay+5 Stlth-}
   (You bought it in a shop on level 2 of the Orcish Mines)

   Slay:      It affects your accuracy & damage with ranged weapons and melee
   (+5).
   Will:      It greatly increases your willpower.
   Stlth:     It makes you less stealthy.
Jewellery
 e - the ring of Mapsugau {Fly rC+ rN+ Will-}
   (You found it on level 1 of the Elven Halls)

   [ring of protection from cold]

   rC:        It protects you from cold.
   rN:        It protects you from negative energy.
   Fly:       It grants you flight.
   Will:      It decreases your willpower.
 f - a +5 ring of evasion
 o - a ring of poison resistance
 q - a +4 ring of slaying (right fist)
 t - the ring "Ymyzxeski" {Will+ rCorr}
   (You found it on level 5 of the Lair of Beasts)

   [ring of willpower]

   rCorr:     It protects you from acid and corrosion.
   Will:      It increases your willpower.
 y - a +4 ring of slaying (left fist)
Talismans
 c - a granite talisman
Wands
 p - a wand of roots (27)
 D - a wand of digging (26)
 P - a wand of paralysis (28)
 X - a wand of light (31)
Scrolls
 g - 4 scrolls of torment
 i - 3 scrolls of poison
 m - 6 scrolls of revelation
 r - 6 scrolls of fog
 u - 4 scrolls of summoning
 A - 4 scrolls of fear
 B - a scroll of blinking
 C - 4 scrolls of vulnerability
 I - a scroll of immolation
 J - 3 scrolls of brand weapon
 R - 2 scrolls of silence {!r}
 T - 10 scrolls of teleportation
Potions
 d - a potion of invisibility
 h - 6 potions of attraction
 k - 3 potions of berserk rage
 l - 5 potions of magic
 n - 11 potions of might
 s - 6 potions of lignification
 v - 4 potions of ambrosia
 G - 5 potions of mutation
 H - 7 potions of haste
 O - 5 potions of enlightenment
 Q - 7 potions of curing
 S - 2 potions of resistance
 W - 3 potions of cancellation
Miscellaneous
 K - a phantom mirror
 N - a sack of spiders
 U - a phial of floods
 Y - a tin of tremorstones (inert)


   Skills:
 - Level 18.1 Fighting
 - Level 14.0 Short Blades
 - Level 10.0 Armour
 + Level 12.4 Dodging
 - Level 10.0 Stealth
 - Level 18.1 Shields
 - Level 3.0 Unarmed Combat
 - Level 8.0 Spellcasting
 - Level 5.0 Poison Magic
 - Level 8.0 Evocations
 - Level 15.0 Shapeshifting


You had 39 spell levels left.
You didn't know any spells.
Your spell library contained the following spells:

 Spells                   Type           Power      Damage    Failure   Level
 Sting                    Tmut/Pois      28%        1d4       16%         1
 Poisonous Vapours        Pois/Air       14%        N/A       22%         2
 Cigotuvi's Dreadful Rot  Necr/Pois/Air  10%        N/A       32%         2
 Slow                     Hex            12%        N/A       38%         1
 Olgreb's Toxic Radiance  Pois           11%        N/A       47%         4
 Blink                    Tloc           6%         N/A       54%         2
 Ensorcelled Hibernation  Hex/Ice        6%         N/A       54%         2
 Passwall                 Tmut/Erth      2%         N/A       54%         2
 Wereblood                Tmut           3%         N/A       54%         2
 Ignite Poison            Fire/Tmut/Pois 5%         N/A       54%         3
 Confusing Touch          Hex            3%         N/A       77%         3
 Dazzling Flash           Conj/Hex       6%         N/A       77%         3
 Gell's Gravitas          Tloc           3%         N/A       77%         3
 Hailstorm                Conj/Ice       3%         3d3       77%         3
 Inner Flame              Hex/Fire       3%         N/A       77%         3
 Ozocubu's Armour         Ice            3%         N/A       77%         3
 Swiftness                Air            3%         N/A       77%         3
 Teleport Other           Tloc           3%         N/A       77%         3
 Vampiric Draining        Necr           3%         2d6       77%         3
 Volatile Blastmotes      Fire/Tloc      6%         2d10      77%         3
 Anguish                  Hex/Necr       1%         N/A       99%         4
 Manifold Assault         Tloc           3%         N/A       99%         4
 Passage of Golubria      Tloc           3%         N/A       99%         4
 Summon Ice Beast         Ice/Summ       3%         N/A       99%         4
 Alistair's Intoxication  Tmut/Pois      4%         N/A       99%         5
 Agony                    Necr           3%         N/A       100%        5
 Borgnjor's Vile Clutch   Necr/Erth      1%         N/A       100%        5
 Freezing Cloud           Conj/Ice/Air   1%         6-21      100%        5
 Iskenderun's Battlesphe  Conj           3%         2d6       100%        5
 Silence                  Hex/Air        1%         N/A       100%        5
 Summon Forest            Summ/Tloc      1%         N/A       100%        5
 Summon Mana Viper        Hex/Summ       3%         N/A       100%        5
 Yara's Violent Unravell  Hex/Tmut       1%         3d3       100%        5
 Death Channel            Necr           1%         N/A       100%        6
 Dispersal                Tloc           1%         N/A       100%        6
 Eringya's Noxious Bog    Tmut/Pois      3%         4d6       100%        6
 Leda's Unmaking          Conj/Erth      1%         9d1       100%        6
 Starburst                Conj/Fire      1%         6d3       100%        6
 Summon Cactus Giant      Summ           1%         N/A       100%        6
 Enfeeble                 Hex            1%         N/A       100%        7
 Monstrous Menagerie      Summ           1%         N/A       100%        7
 Ozocubu's Refrigeration  Ice            1%         4d7       100%        7
 Spellforged Servitor     Conj/Summ      1%         N/A       100%        7
 Summon Hydra             Summ           1%         N/A       100%        7
 Discord                  Hex            1%         N/A       100%        8
 Disjunction              Tloc           1%         N/A       100%        8
 Ignition                 Fire           1%         3d3       100%        8
 Lehudib's Crystal Spear  Conj/Erth      1%         10d2      100%        8
 Maxwell's Capacitive Co  Air            1%         ∞         100%        8
 Sublimation of Blood     Necr           Unusable   N/A       N/A         2
 Animate Dead             Necr           Unusable   N/A       N/A         4
 Simulacrum               Ice/Necr       Unusable   N/A       N/A         6

Dungeon Overview and Level Annotations

Branches:
Dungeon (15/15)            Temple (1/1) D:6            Lair (5/5) D:8
  Swamp (4/4) Lair:2       Spider (4/4) Lair:2        Slime (0/5) Lair:4
    Orc (2/2) D:12            Elf (3/3) Orc:2        Vaults (4/5) D:13
  Crypt (0/3) Vaults:2     Depths (2/4) D:15           Hell (1/1)
Volcano (visited)
    Dis: Hell:1         Geh: Hell:1         Coc: Hell:1         Tar: Hell:1

Altars:
Ashenzari
Cheibriados
Dithmenos
Elyvilon
Fedhas
Gozag
Hepliaklqana
Kikubaaqudgha
Makhleb
Nemelex Xobeh
Okawaru
Qazlal
Ru
Sif Muna
Trog
Uskayaw
Vehumet
Wu Jian
Xom
Yredelemnul
Zin
The Shining One

Shops:
D:1 :   D:7 [*=(:   D:8 (   Orc:2 =*([   Elf:1 !   Vaults:2 (?[   Vaults:3 =
Depths:1 *:[

Portals:
Hell: Depths:1 Depths:2
Pandemonium: Depths:1 Depths:2
Ziggurat: Depths:2
Trove: Depths:2 (give horn of Geryon)

Annotations:
D:3 2 transporters, avis's ghost, amateur HOMo
Spider:3 1 runed translucent door
Elf:1 1 runed translucent door
Elf:2 3 runed translucent doors
Hell Geryon


Innate Abilities, Weirdness & Mutations

You are a living statue of rough stone.
Your actions are slow, but your melee attacks are powerful.
You are resistant to unholy torment.
Your maximum health is greatly increased.
Your equipment is partially melded.
You are immune to poison.
You have razor-sharp teeth.
Your natural rate of healing is unusually fast.
When hurt, damage is shared between your health and your magic reserves.
Your bite disrupts and absorbs the magic of your enemies.
Potions cannot restore your health.


Message History

The hell beast squeals, "Thy viscera shall be my dinner!"
The ice dragon is distracted by your dazzling golden aura.
The hell beast misses you. The hell beast barely misses you.
You block the hell beast's attack. x2
The shadow demon gestures.
The blizzard demon waves its arms in wide circles.
The air twists around and strikes you!!
The ice devil is distracted by your dazzling golden aura.
Unknown command.
The cacodemon shouts!
The ice dragon roars deafeningly!
The hell beast is no longer distracted by gold. x2
The ice dragon is no longer distracted by gold.
The hell beast is distracted by your dazzling golden aura.
You block the demonic crawler's attack.
The demonic crawler completely misses you.
You block the demonic crawler's attack. You block the hell beast's attack.
The hell beast tramples you!
You hold your ground!
Geryon winds a great silver horn.
The ice dragon is distracted by your dazzling golden aura.
The hell beast bites you but does no damage.
The hell beast tramples you.
You hold your ground!
The demonic crawler hits you!
* * * LOW HITPOINT WARNING * * *
The demonic crawler hits you but does no damage.
The demonic crawler misses you.
The hell beast howls!
Okay, then.
As you read the scroll of teleportation, it crumbles to dust.
You feel strangely unstable. The sixfirhy barely misses you.
You block the sixfirhy's attack. x2; You block the hell beast's attack.
The hell beast tramples you but does no damage.
The hell beast closely misses you. You block the hell beast's attack.
The sixfirhy hits you.
* * * LOW HITPOINT WARNING * * *
The sixfirhy shocks you. You resist.
* * * LOW HITPOINT WARNING * * *
A putrid mouth comes into view.
The reaper hits you from afar with a +6 scythe of protection!!
* * * LOW HITPOINT WARNING * * *
The demonic crawler closely misses you.
The demonic crawler hits you but does no damage.
The demonic crawler closely misses you. The hell beast bites you!
* * * LOW HITPOINT WARNING * * *
You block the hell beast's attack. x2; The hell beast misses you.
The sixfirhy completely misses you. The demonic crawler closely misses you.
You block the demonic crawler's attack. The demonic crawler misses you.
Geryon misses you.
The reaper hits you from afar with a +6 scythe of protection!!
You die...
Your body crumbles into a pile of gold.

# #.........###
#.#...#.#...#.##
#.#......W....#.##.
.....#...∩.#.......
.#...$2$.3.24#...
.....#.D$22#2.....
#.#..4.D.222..#
#.#...#2#233#.#
#....2&28.#
###....s###
#.#.#.#. ##.....##
##...# #...# ....
...


You could see Geryon, an iron dragon, a cacodemon (summoned), 7 hell beasts, 2
reapers, a putrid mouth, a blizzard demon, a soul eater (summoned), a demonic
crawler, a shadow demon, an orange demon (summoned) and 2 sixfirhies.

Vanquished Creatures
  A juggernaut (Depths:2)
  the Lernaean hydra (Swamp:4)
  Bai Suzhen (Vaults:2)
  Saint Roka (Orc:2)
  Nikola (Elf:3)
  A golden dragon (Depths:2)
  2 tentacled monstrosities
  Rupert (D:13)
  Zenata (Elf:3)
  2 deep elf blademasters (Elf:3)
  A sphinx (Vaults:1)
  2 deep elf master archers (Elf:3)
  2 ancient champions (Depths:1)
  2 thorn hunters (Swamp:2)
  A tengu reaver (Vaults:3)
  Aizul (Vaults:1)
  A fenstrider witch (Swamp:4)
  An iron dragon (Depths:1)
  5 fire giants
  4 frost giants (Depths:2)
  2 deep elf sorcerers
  Roxanne (Elf:3)
  9 vault wardens
  6 emperor scorpions
  3 deep elf elementalists (Elf:3)
  7 ghost moths
  7 broodmothers
  25 ironbound preservers
  5 war gargoyles
  8 very ugly things
  6 stone giants
  4 formless jellyfish
  A vampire knight (Depths:1)
  6 deep elf demonologists (Elf:3)
  6 ironbound thunderhulks
  7 deep elf annihilators
  5 bunyips
  Azrael (D:15)
  3 eleionomae
  8 spark wasps
  5 dire elephants
  A blizzard demon (Depths:1)
  17 ettins
  6 fire dragons
  5 deep elf death magi
  3 shambling mangroves (Swamp:2)
  2 merfolk javelineers (Depths:2)
  5 crystal guardians
  Josephine (D:13)
  3 green deaths
  A spriggan zombie (Depths:1)
  12 yaktaur captains
  3 ice dragons
  3 deep elf high priests (Elf:3)
  2 rakshasas
  2 entropy weavers
  4 great orbs of eyes
  Fannar (Lair:2)
  Erolcha (D:10)
  Harold (D:9)
  4 catoblepae
  5 ghost crabs
  A merfolk avatar (Lair:5)
  3 ironbound frosthearts
  A juggernaut simulacrum (Depths:1)
  6 peacekeepers
  2 spriggan air magi
  6 vault guards
  24 hydras
  3 jorogumos (Spider:4)
  5 two-headed ogres
  3 radroaches
  8 alligators
  11 centaur warriors
  7 boulder beetles
  16 dancing weapons
  7 death yaks (Depths:2)
  4 deep troll shamans
  5 tengu warriors
  3 hell hogs (Depths:1)
  An orc high priest (Orc:2)
  6 deep troll earth magi
  15 demonic crawlers
  4 soul eaters
  Urug (Orc:2)
  5 hell knights (Depths:2)
  3 spriggan berserkers
  8 sun demons
  8 deep elf knights
  A titan skeleton (Hell)
  An iron troll (D:15)
  2 skysharks
  A storm dragon zombie (Depths:2)
  3 sun moths
  10 skeletal warriors
  A quicksilver dragon simulacrum (Hell)
  2 glowing orange brains
  A golden dragon zombie (Depths:1)
  3 pharaoh ants
  A sea snake (Lair:5)
  5 goliath frogs
  10 orb spiders
  2 spriggan druids
  90 deep trolls
  14 bog bodies
  2 phantasmal warriors (Depths:1)
  8 swamp dragons
  9 lindwurms
  9 steelbarb worms
  6 wizards
  8 deep elf archers
  A golden dragon skeleton (Depths:2)
  10 ironbound convokers
  2 shadow dragon zombies (Depths:2)
  Pikel (D:5)
  6 necromancers
  25 ugly things
  24 deep elf pyromancers
  5 orc knights
  2 oklob plants (Swamp:2)
  19 wolf spiders
  6 harpies
  20 deep elf zephyrmancers
  4 manticores
  A moth of wrath (shapeshifter) (D:15)
  4 cyclopes
  3 human zombies
  4 orc sorcerers
  3 moths of wrath
  2 elephants
  2 will-o-the-wisps
  2 black mambas (Lair:1)
  A fire giant skeleton (Depths:2)
  9 rust devils
  A toenail golem (Volcano)
  A water nymph (shapeshifter) (D:15)
  An elf zombie (Vaults:4)
  Maurice (D:10)
  9 cane toads
  10 torpor snails
  A smoke demon (Depths:2)
  A storm dragon simulacrum (Depths:1)
  An elf skeleton (Vaults:2)
  5 molten gargoyles
  14 vault sentinels
  2 orange demons
  A kobold demonologist (D:13)
  A freezing wraith (D:15)
  16 komodo dragons
  4 rime drakes
  29 yaktaurs
  3 efreet (Volcano)
  2 bloated husks (Swamp:2)
  A merfolk (D:11)
  A meliai (Lair:2)
  3 trolls
  2 polar bears
  12 tyrant leeches
  2 wind drakes (Lair:5)
  Prince Ribbit (D:5)
  13 hornets
  20 tarantellas
  A snapping turtle (Lair:5)
  13 blink frogs
  A hornet (shapeshifter) (Elf:3)
  3 dream sheep (Lair:5)
  A black mamba zombie (Hell)
  2 air elementals
  A centaur simulacrum (Hell)
  28 culicivoras
  19 slime creatures
  24 jumping spiders
  2 spriggans
  10 water elementals
  A naga simulacrum (Hell)
  3 basilisks
  6 wraiths
  6 fire elementals
  3 wyverns
  2 steam dragons
  52 yaks
  61 redbacks
  A chaos spawn (Depths:2)
  8 vampire mosquitoes
  A glowing shapeshifter zombie (Depths:1)
  Edmund (D:6)
  3 wargs (Orc:2)
  3 acid dragons
  18 water moccasins
  4 hell hounds (D:15)
  14 swamp worms
  9 swamp drakes (Swamp:4)
  5 black bears
  20 orc warriors
  An ice beast (D:7)
  2 sky beasts (D:8)
  3 ogres
  17 wolves
  8 centaurs
  A phantom (D:5)
  4 kobold brigands
  3 earth elementals
  7 bullfrogs
  3 gnoll sergeants (D:8)
  5 scorpions
  14 wights
  14 killer bees
  5 electric eels
  A howler monkey (D:4)
  23 orc priests
  4 hounds
  4 gnoll boudas
  2 jellies
  2 sleepcaps (D:6)
  3 iguanas
  24 orc wizards
  10 hell rats
  38 gnolls
  11 adders
  A white imp (D:7)
  An ufetubus (D:4)
  3 worms
  2 dart slugs
  64 orcs
  5 endoplasms
  2 giant cockroaches
  9 goblins
  7 hobgoblins
  7 jackals (D:8)
  2 quokkas
  7 ball pythons
  6 bats
  2 frilled lizards (D:1)
  24 kobolds
  4 rats
  11 butterflies (Vaults:3)
1600 creatures vanquished.

Vanquished Creatures (collateral kills)
  An ironbound preserver (Vaults:2)
  2 deep trolls
  A yaktaur skeleton (Vaults:4)
  An ettin simulacrum (Vaults:4)
5 creatures vanquished.

Vanquished Creatures (others)
  2 deep elf demonologists (Elf:3)
  A deep elf knight (Elf:3)
  A goliath frog (Swamp:3)
  A wizard (Vaults:1)
  A deep elf zephyrmancer (Elf:1)
  3 bloated husks (Swamp:2)
  A water elemental (Elf:3)
  A redback (Spider:2)
  2 swamp worms (Swamp:2)
  An orc priest (D:6)
  An orc wizard (D:6)
  An orc (D:6)
  A fire vortex (Volcano)
  6 foxfires
23 creatures vanquished.

Grand Total: 1628 creatures vanquished

Notes
Turn   | Place    | Note
-------+----------+-------------------------------------------
     0 | D:1      | shadowrider38 the Vine Stalker Shapeshifter began the quest
                  | for the Orb.
     0 | D:1      | Reached XP level 1. HP: 9/9 MP: 2/2
    58 | D:1      | Reached XP level 2. HP: 7/15 MP: 3/3
   326 | D:1      | Found Noed's Book Emporium.
   480 | D:1      | Reached XP level 3. HP: 17/18 MP: 4/4
   878 | D:2      | Found a white marble altar of Elyvilon.
  1141 | D:2      | Gained mutation: Your natural rate of healing is unusually
                  | fast. [Vine Stalker growth]
  1141 | D:2      | Reached XP level 4. HP: 23/23 MP: 5/5
  1260 | D:2      | Became a worshipper of Elyvilon the Healer
  1334 | D:3      | Found a hazy altar of Hepliaklqana.
  1473 | D:3      | Reached skill level 3 in Short Blades
  1517 | D:3      | Found a transporter.
  1540 | D:3      | Found a transporter.
  1544 | D:3      | Noticed avis's ghost (amateur HOMo)
  1621 | D:3      | Reached XP level 5. HP: 19/26 MP: 2/6
  2282 | D:4      | Reached XP level 6. HP: 26/30 MP: 7/7
  2505 | D:4      | Reached XP level 7. HP: 24/35 MP: 6/8
  2760 | D:4      | Reached * piety under Elyvilon
  2928 | D:4      | Found a shimmering altar of Xom.
  3049 | D:5      | Entered Level 5 of the Dungeon
  3240 | D:5      | Gained mutation: You have razor-sharp teeth. [Vine Stalker
                  | growth]
  3240 | D:5      | Reached XP level 8. HP: 33/39 MP: 7/9
  3293 | D:5      | Found a sacrificial altar of Ru.
  3297 | D:5      | Noticed Pikel
  3332 | D:5      | Killed Pikel
  3333 | D:5      | Reached skill level 9 in Short Blades
  3406 | D:5      | Noticed Prince Ribbit
  3414 | D:5      | Killed Prince Ribbit
  3707 | D:6      | Reached ** piety under Elyvilon
  3743 | D:6      | Reached XP level 9. HP: 34/42 MP: 10/10
  3946 | D:6      | Noticed Edmund
  3978 | D:6      | Killed Edmund
  3985 | D:6      | Reached skill level 3 in Fighting
  4010 | D:6      | Found a broken altar of Ashenzari.
  4045 | D:6      | Found a staircase to the Ecumenical Temple.
  4047 | D:6      | Found a radiant altar of Vehumet.
  4057 | Temple   | Entered the Ecumenical Temple
  4061 | Temple   | Fell from the grace of Elyvilon
  4061 | Temple   | Became a worshipper of Gozag Ym Sagoz the Greedy
  4762 | D:7      | Found a bloodstained altar of Trog.
  5106 | D:7      | Reached XP level 10. HP: 51/51 MP: 9/11
  5212 | D:7      | Found Xounlus's Weapon Shop.
  5213 | D:7      | Found Veum's Jewellery Boutique.
  5214 | D:7      | Found Paqoos's General Store.
  5215 | D:7      | Found Buewketz's Antique Armour Shop.
  5252 | D:7      | Bought an encrusted scale mail for 216 gold pieces
  5252 | D:7      | Identified the +6 scale mail of Vona {rF+} (You bought it
                  | in a shop on level 7 of the Dungeon)
  5520 | D:7      | Identified the +1 ring mail of Vehumet's Displeasure
                  | {Int+5}
  5574 | D:7      | Found Wywapp's Tremendous Tomes.
  5663 | D:8      | Noticed an elephant
  5693 | D:8      | Killed an elephant
  5842 | D:8      | Found a blossoming altar of Fedhas.
  5842 | D:8      | Identified the +3 leather armour of the Purple Skies {Will+
                  | Regen+ Int+3}
  5985 | D:8      | Reached skill level 3 in Dodging
  6067 | D:8      | Found Heqoett's Weapon Boutique.
  6258 | D:8      | Found a hide-covered altar of Uskayaw.
  6371 | D:8      | Reached XP level 11. HP: 54/58 MP: 10/12
  6552 | D:8      | Found a staircase to the Lair.
  6884 | D:8      | Reached skill level 3 in Armour
  6961 | D:8      | Found a sparkling altar of Nemelex Xobeh.
  6961 | D:8      | Found a burning altar of Makhleb.
  7249 | D:9      | You fall into a shaft and drop 1 floor!
  7249 | D:10     | Entered Level 10 of the Dungeon
  7452 | D:10     | Noticed a two-headed ogre
  7468 | D:10     | Killed a two-headed ogre
  7479 | D:10     | Noticed a two-headed ogre
  7495 | D:10     | Killed a two-headed ogre
  7808 | D:10     | Noticed Maurice
  7831 | D:10     | Killed Maurice
  7994 | D:10     | Noticed Erolcha
  8012 | D:10     | Killed Erolcha
  8237 | D:11     | Noticed a two-headed ogre
  8254 | D:11     | Killed a two-headed ogre
  8938 | D:11     | Identified the +2 falchion of Hidycw {protect, rElec rN+}
  9239 | D:9      | Reached XP level 12. HP: 54/65 MP: 16/16
  9397 | D:9      | Noticed Harold
  9414 | D:9      | Killed Harold
  9415 | D:9      | Reached skill level 3 in Spellcasting
  9663 | Lair:1   | Entered Level 1 of the Lair of Beasts
  9861 | D:7      | Bought a +0 rapier of flaming for 110 gold pieces
  9869 | D:7      | Bought 3 scrolls of fog for 168 gold pieces
  9965 | Lair:1   | Noticed Sonja
  9967 | Lair:1   | Sonja changed into Sonja the harpy
  9967 | Lair:1   | Noticed Sonja
  9978 | Lair:1   | Killed Sonja the harpy
  9979 | Lair:1   | Reached skill level 3 in Shields
 10236 | Lair:1   | Reached skill level 3 in Poison Magic
 10371 | Lair:1   | Reached skill level 9 in Fighting
 10410 | Lair:1   | Noticed a catoblepas
 10438 | Lair:1   | Killed a catoblepas
 10888 | Lair:2   | Found a staircase to the Swamp.
 11033 | Lair:2   | Found a hole to the Spider Nest.
 11225 | Lair:2   | Noticed Fannar
 11243 | Lair:2   | Killed Fannar
 11969 | Lair:3   | Reached XP level 13. HP: 72/72 MP: 21/21
 12242 | Lair:3   | Found a stormy altar of Qazlal.
 12909 | Lair:4   | Found a staircase to the Slime Pits.
 13584 | Lair:5   | Entered Level 5 of the Lair of Beasts
 13965 | Lair:5   | Noticed a dire elephant
 14073 | Lair:5   | Found a snail-covered altar of Cheibriados.
 14486 | Lair:5   | Reached XP level 14. HP: 77/77 MP: 22/22
 14767 | Lair:5   | Identified the ring "Ymyzxeski" {Will+ rCorr}
 15140 | Lair:5   | Reached XP level 15. HP: 80/80 MP: 23/23
 15141 | Lair:5   | Reached XP level 16. HP: 85/85 MP: 24/24
 15413 | D:12     | Found a staircase to the Orcish Mines.
 15613 | D:12     | Reached skill level 9 in Shapeshifting
 16121 | Orc:1    | Entered Level 1 of the Orcish Mines
 16696 | Orc:2    | Entered Level 2 of the Orcish Mines
 16696 | Orc:2    | Found a staircase to the Elven Halls.
 16896 | Orc:2    | Noticed Urug
 16905 | Orc:2    | Killed Urug
 16924 | Orc:2    | Reached skill level 9 in Shields
 16956 | Orc:2    | Found a dark tunnel.
 16967 | Volcano  | Entered a volcano
 17378 | Orc:2    | Noticed Saint Roka
 17408 | Orc:2    | Killed Saint Roka
 17988 | Orc:2    | Found Feryi's Antique Weapon Shoppe.
 18013 | Orc:2    | Bought a translucent rapier for 270 gold pieces
 18013 | Orc:2    | Identified the +1 rapier "Jygar" {freeze, rN++} (You bought
                  | it in a shop on level 2 of the Orcish Mines)
 18037 | Orc:2    | Found Xuib's Antique Armour Shoppe.
 18132 | Orc:2    | Found Laaskosk's General Store.
 18138 | Orc:2    | Bought a scroll of enchant weapon for 82 gold pieces
 18143 | Orc:2    | Bought the +0 pair of boots of Minor Irritation {Will++
                  | Slay+5 Stlth-} for 496 gold pieces
 18152 | Orc:2    | Found Gothruuq's Jewellery Shoppe.
 18359 | D:13     | Noticed Rupert
 18385 | D:13     | Killed Rupert
 18571 | D:13     | Noticed Josephine
 18594 | D:13     | Killed Josephine
 18762 | D:13     | Reached XP level 17. HP: 71/93 MP: 25/25
 18943 | D:13     | Found a gate to the Vaults.
 19111 | D:13     | Identified the staff of the Candle {rElec rN+ Int+3 Earth}
 20109 | D:15     | Entered Level 15 of the Dungeon
 20110 | D:15     | Noticed Azrael
 20129 | D:15     | Killed Azrael
 20356 | D:15     | Found a staircase to the Depths.
 20997 | D:7      | Bought a scroll of enchant armour for 105 gold pieces
 21375 | Swamp:1  | Entered Level 1 of the Swamp
 21562 | Swamp:1  | You are sucked into a shaft and drop 1 floor!
 24882 | Spider:1 | Entered Level 1 of the Spider Nest
 24916 | Spider:1 | Reached XP level 18. HP: 100/100 MP: 26/26
 24938 | Spider:1 | Reached skill level 9 in Armour
 27520 | Spider:2 | Paralysed by a hornet for 3 turns
 28025 | Spider:3 | Found a runed translucent door.
 28444 | Spider:4 | Entered Level 4 of the Spider Nest
 28626 | Spider:4 | Paralysed by a jorogumo for 2 turns
 28651 | Spider:4 | Reached XP level 19. HP: 103/107 MP: 27/27
 29201 | Spider:4 | Reached skill level 15 in Fighting
 31677 | Spider:4 | Reached XP level 20. HP: 113/113 MP: 28/28
 31688 | Spider:4 | Got a gossamer rune of Zot
 31939 | Swamp:4  | Entered Level 4 of the Swamp
 32736 | Swamp:4  | Noticed the 27-headed Lernaean hydra
 32739 | Swamp:4  | Killed the 27-headed Lernaean hydra
 32755 | Swamp:4  | Got a decaying rune of Zot
 33420 | Vaults:1 | Entered Level 1 of the Vaults
 33476 | Vaults:1 | Noticed Aizul
 33501 | Vaults:1 | HP: 5/113 [deep troll[an ironbound preserver] (6)]
 33505 | Vaults:1 | Killed Aizul
 33630 | Vaults:1 | Reached skill level 15 in Shapeshifting
 33640 | Vaults:1 | Reached XP level 21. HP: 117/117 MP: 29/29
 34923 | Vaults:2 | Found Uqon's Armour Emporium.
 35040 | Vaults:2 | Found Huck's Magic Scroll Shop.
 35213 | Vaults:2 | Bought a scroll of revelation for 90 gold pieces
 35213 | Vaults:2 | Bought a scroll of fear for 48 gold pieces
 35213 | Vaults:2 | Bought a scroll of enchant weapon for 90 gold pieces
 35213 | Vaults:2 | Bought a scroll of teleportation for 36 gold pieces
 35213 | Vaults:2 | Bought a scroll of blinking for 90 gold pieces
 35333 | Vaults:2 | Found Byfurr's Armour Emporium.
 35400 | Vaults:2 | Reached skill level 15 in Shields
 35764 | Vaults:2 | Noticed Bai Suzhen
 35793 | Vaults:2 | Killed Bai Suzhen
 35868 | Vaults:2 | Found Huyt Qog's Weapon Boutique.
 36214 | Vaults:2 | Found a staircase to the Crypt.
 36214 | Vaults:2 | Found an ancient bone altar of Kikubaaqudgha.
 36216 | Vaults:2 | Found a basalt altar of Yredelemnul.
 36707 | Vaults:3 | Reached XP level 22. HP: 123/123 MP: 27/30
 37127 | Vaults:3 | Found a huge runed gate.
 37128 | Vaults:3 | Found a huge runed gate.
 37131 | Vaults:3 | Found a huge runed gate.
 37132 | Vaults:3 | Found a huge runed gate.
 37132 | Vaults:3 | Found a huge runed gate.
 37133 | Vaults:3 | Found a huge runed gate.
 37133 | Vaults:3 | Found a huge runed gate.
 37133 | Vaults:3 | Found a huge runed gate.
 37133 | Vaults:3 | Found a huge runed gate.
 37133 | Vaults:3 | Found a huge runed gate.
 37134 | Vaults:3 | Found a huge runed gate.
 37134 | Vaults:3 | Found a huge runed gate.
 37135 | Vaults:3 | Found a huge runed gate.
 37136 | Vaults:3 | Found a huge runed gate.
 37137 | Vaults:3 | Found a huge runed gate.
 37152 | Vaults:3 | Found a huge runed gate.
 37152 | Vaults:3 | Found a huge runed gate.
 37152 | Vaults:3 | Found a huge runed gate.
 37152 | Vaults:3 | Found a huge runed gate.
 37152 | Vaults:3 | Found a huge runed gate.
 37153 | Vaults:3 | Found a huge runed gate.
 37154 | Vaults:3 | Found a huge runed gate.
 37155 | Vaults:3 | Found a huge runed gate.
 37156 | Vaults:3 | Found a huge runed gate.
 37159 | Vaults:3 | Found Quhaw's Jewellery Emporium.
 37196 | Vaults:3 | Bought a +4 ring of slaying for 1326 gold pieces
 37211 | Vaults:3 | Found a huge runed gate.
 37211 | Vaults:3 | Found a huge runed gate.
 37211 | Vaults:3 | Found a huge runed gate.
 37211 | Vaults:3 | Found a huge runed gate.
 37211 | Vaults:3 | Found a huge runed gate.
 37212 | Vaults:3 | Found a huge runed gate.
 37213 | Vaults:3 | Found a huge runed gate.
 37214 | Vaults:3 | Found a huge runed gate.
 37215 | Vaults:3 | Found a huge runed gate.
 37227 | Vaults:3 | Found a huge runed gate.
 37227 | Vaults:3 | Found a huge runed gate.
 37227 | Vaults:3 | Found a huge runed gate.
 37788 | Vaults:4 | Identified the +0 spear "Ekott" {drain, Int+2}
 39177 | Elf:1    | Entered Level 1 of the Elven Halls
 39177 | Elf:1    | Found a runed translucent gate.
 39177 | Elf:1    | Found a runed translucent gate.
 39177 | Elf:1    | Found a runed translucent gate.
 39177 | Elf:1    | Found a runed translucent gate.
 39177 | Elf:1    | Found a runed translucent gate.
 39177 | Elf:1    | Found a runed translucent gate.
 39178 | Elf:1    | Found a runed translucent door.
 39180 | Elf:1    | Found a runed translucent door.
 39403 | Elf:1    | Identified the ring of Mapsugau {Fly rC+ rN+ Will-}
 39409 | Elf:1    | Reached skill level 3 in Stealth
 39435 | Elf:1    | Found an ancient bone altar of Kikubaaqudgha.
 39463 | Elf:1    | Found Wolekk's Distillery.
 39518 | Elf:1    | Paralysed by an air elemental for 1 turns
 39570 | Elf:1    | Reached XP level 23. HP: 132/132 MP: 29/31
 39855 | Elf:1    | Bought a potion of might for 56 gold pieces
 39855 | Elf:1    | Bought a potion of might for 56 gold pieces
 39855 | Elf:1    | Bought a potion of might for 56 gold pieces
 39855 | Elf:1    | Bought a potion of resistance for 140 gold pieces
 39855 | Elf:1    | Bought a potion of cancellation for 112 gold pieces
 40551 | Elf:2    | Found a runed translucent gate.
 40552 | Elf:2    | Found a runed translucent gate.
 40552 | Elf:2    | Found a runed translucent gate.
 40875 | Elf:3    | Entered Level 3 of the Elven Halls
 41277 | Elf:3    | Noticed Zenata
 41292 | Elf:3    | Killed Zenata
 41322 | Elf:3    | Noticed Roxanne
 41342 | Elf:3    | Killed Roxanne
 41614 | Elf:3    | Reached skill level 9 in Stealth
 41616 | Elf:3    | Identified the +1 ring mail of Xom's Benevolence {rF- rC++
                  | Int+4}
 41631 | Elf:3    | Noticed Nikola
 41632 | Elf:3    | Identified the +5 great mace of Xom's Respect {vamp, rPois
                  | rCorr}
 41632 | Elf:3    | Identified the +1 leather armour "Utial" {rElec Str+2}
 41646 | Elf:3    | Killed Nikola
 41813 | Elf:3    | Identified the +9 dagger "Conservator" {antimagic, Stlth+}
 41958 | Elf:3    | Identified the +2 orcbow of Gacwuq {elec, SInv}
 41982 | Elf:3    | Identified the +0 long sword "Porphipuo" {venom, rPois
                  | Int+3}
 41985 | Elf:3    | Identified the +6 hand axe of the Rat {freeze, *Slow +Blink
                  | rPois Int-2}
 42422 | Depths:1 | Entered Level 1 of the Depths
 42704 | Depths:1 | Found Mosareu's Book Emporium.
 42864 | Depths:1 | Found Puxzes's Antique Armour Emporium.
 42963 | Depths:1 | Bought an embroidered scarf for 344 gold pieces
 43051 | Depths:1 | Found a gateway to Hell.
 43160 | Depths:1 | Found a one-way gate leading to the halls of Pandemonium.
 43506 | Vaults:2 | Bought a +2 pair of gloves of dexterity for 365 gold pieces
 43686 | Depths:1 | Found Ogougyoh's General Store.
 43690 | Depths:1 | Bought a scroll of summoning for 180 gold pieces
 43822 | Depths:1 | Found an iron altar of Okawaru.
 44252 | Depths:2 | Noticed a golden dragon
 44267 | Depths:2 | Killed a golden dragon
 44285 | Depths:2 | Reached skill level 9 in Dodging
 44291 | Depths:2 | Reached XP level 24. HP: 63/137 MP: 27/36
 44673 | Depths:2 | Found a one-way gateway to a ziggurat.
 44932 | Depths:2 | Found a portal to a secret trove of treasure.
 45037 | Depths:2 | Found an opulent altar of Gozag.
 45412 | Depths:2 | Noticed a juggernaut
 45426 | Depths:2 | Killed a juggernaut
 45501 | Depths:2 | Identified the +9 shortbow of Law {heavy, Str+5}
 45507 | Depths:2 | Identified the +4 flail of the Grinning Gods {venom, rN+
                  | Will+}
 45512 | Depths:2 | Identified the +6 lajatang of Resourcefulness {flame,
                  | *Noise Dex+7}
 45611 | Hell     | Entered the Vestibule of Hell
 45611 | Hell     | Noticed Geryon
 46330 | Hell     | Mangled by a reaper

Illustrated notes

Levels and vault maps discovered:
D:1:      onia_arrival_mini_maze, layout_rooms, serial_shops,
          nicolae_shop_crystal
D:2:      layout_rooms, basic_altar, kennysheep_generic_room_3
D:3:      layout_basic, nicolae_overflow_crystal_walls,
          gammafunk_ghost_stat_death
D:4:      layout_basic, kennysheep_mini, minivault_19, grunt_decor_fettered,
          nicolae_grassy_gnolls
D:5:      layout_basic, lemuel_tele_altar, uniq_prince_ribbit1, uniq_pikel
D:6:      layout_rooms, mainiacjoe_overflow_catwalk,
          ashenzari_conservatory_becter, minmay_temple_entry_stoned_glass,
          uniq_edmund
D:7:      layout_cave_pools, trog_three_pillars_becter,
          nicolae_shop_i_like_big_books, grunt_ministairs_13,
          minmay_tree_intersection, kennysheep_decorative_pillar,
          hangedman_decor_growths, nicolae_wooded_promenade
D:8:      layout_cave_pools, nicolae_uskayaw_dance_studio,
          nicolae_overflow_two_pavilions, fedhas_altar_1, david_lair_generic,
          serial_gnoll_camp, gnoll_camp_mini_hut, gnoll_camp_huts_moat,
          gnoll_camp_medium_01, gnoll_camp_mini_shop, grunt_ministairs_4
D:9:      layout_rooms, lemuel_flame_loot_1, uniq_harold
D:10:     layout_basic, nicolae_underground_beach, uniq_erolcha, uniq_maurice
D:11:     layout_long_grid, serial_glass, glass_columns_b, glass_columns_b,
          hangedman_fish_farm
D:12:     layout_roguey, orc_0_dummy
D:13:     layout_cave_pools, erik_vaults_1, minmay_pinched_square, uniq_rupert,
          uniq_josephine
D:14:     layout_loops_cross, moated_statue, serial_bayou_lake_a
D:15:     grunt_enter_depths_giant_problem, layout_basic, chequers_garden,
          uniq_azrael
Temple:   hellmonk_temple_two_chambers
Lair:1:   layout_chaotic_city, uniq_sonja
Lair:2:   layout_cellular_growth, skrybe_swamp_entry_bodies,
          hellmonk_spider_entry_not_the_bees, gammafunk_lair_bear_cave,
          uniq_fannar
Lair:3:   layout_hall_layers, basic_altar
Lair:4:   layout_gridlike, slime_entry_1, lemuel_fruit_tree,
          serial_bayou_shore_a
Lair:5:   gammafunk_lair_ancient_temple, layout_regular_city,
          kennysheep_snail_temple
Swamp:1:  layout_basic_swamp, evilmike_swamp_ruin_house_5, swamp_pool2
Swamp:2:  nicolae_swamp_phyte_club, layout_falls_marsh, hangedman_swamp_cone,
          swamp_pool4, nzn_swamp_blast_mining
Swamp:3:  layout_falls_marsh, nicolae_swamp_round_clearing,
          infiniplex_staircase_pool
Swamp:4:  grunt_swamp_rune_castle, layout_basic_swamp, grunt_witch_cave
Spider:1: layout_spider_delve, worms_lemuel
Spider:2: layout_spider_delve
Spider:3: cheibrodos_spider_deadly_dance, dreamdust_wasp_nest
Spider:4: guppyfry_spider_rune, drop_trap
Orc:1:    layout_diamond_mine, mines1_david
Orc:2:    grunt_orc_cross, layout_caves, lightli_volcano_entry_magma_tube,
          david_defended_altar_orc, uniq_urug
Elf:1:    nicolae_elf_arrival_dilemma, layout_loops_corners, serial_shops, shop,
          portal_ice_cave_entry_pillars_2, basic_altar
Elf:2:    nicolae_elf_blades_crystal_corner, layout_onion_city,
          minmay_misc_feat_diagonals
Elf:3:    elf_hall, layout_geoelf_diagonals, uniq_roxanne, uniq_nikola,
          uniq_zenata
Vaults:1: portal_desolation_entry_nicolae_slug, vaults_room_large_hall,
          nicolae_vaults_octothorpe, nicolae_vaults_puzzle_piece,
          nicolae_vaults_tetromino_T_2, nicolae_vaults_double_plus_2,
          nicolae_vaults_turnstiles, layout_vaults_chaotic_city, uniq_aizul
Vaults:2: v_pattern_5, ontoclasm_vaults_eye, v_misc_28, vaults_room_pools,
          nicolae_vaults_variable_pillar_hall, minmay_crypt_entry_necro_gods,
          vaults_room_corners, serial_ice_m, vaults_room_fours,
          layout_vaults_omnigrid, serial_shops, nicolae_shop_statue_plus, shop,
          shop_fountains, nicolae_shop_just_a_little_nook, uniq_bai_suzhen
Vaults:3: not_door_vault_mu, nicolae_vaults_surprise_closet_hard,
          nicolae_vaults_more_shelving_2,
          nicolae_vaults_variable_pillar_hall_cross, hangedman_vaults_nodes,
          v_misc_3, serial_ice_m, v_alt_pattern_1, grunt_vaults_diagonal,
          nicolae_vaults_tetromino_L_2, layout_vaults_maze_snakey, serial_shops,
          nicolae_shop_trees
Vaults:4: vaults_room_grid, vaults_mumra_minichess_inversion,
          hangedman_vaults_stitches, nicolae_vaults_network_periphery,
          v_pattern_1, v_alt_pattern_4, hangedman_vaults_impose,
          nicolae_vaults_trapezoid_3, nicolae_vaults_yaktaur_gun_rack,
          nicolae_vaults_trapezoid_1, nicolae_vaults_house_1,
          nicolae_vaults_double_plus_1, nicolae_vaults_trapezoid_1,
          layout_vaults_ring
Depths:1: layout_cave_shapes, rand_demon_pan_entry_3, serial_shops, shop,
          nicolae_shop_tiny_glass, nicolae_shop_pleasant_corner_grove,
          okawaru_trees_1, hell_entry, moated_statue,
          minmay_fractal_squares_diagonal_5
Depths:2: giant_chief_lemuel, layout_cave_pools, enter_ziggurat_e,
          grunt_gozag_breadcrumbs, hellmouth_1, rand_demon_pan_entry_9,
          enter_trove_2
Hell

Skill      XL: |  1  2  3  4  5  6  7  8  9 10 11 12 13 14 15 16 17 18 19 20 21 22 23 24 |
---------------+-------------------------------------------------------------------------+-----
Fighting       | 1 2 5 6 8 10 12 13 14 15 17 18 | 18.1
Short Blades   | 1 2 3 4 6 7 10 11 12 14 | 14.0
Armour         | 2 5 6 8 10 | 10.0
Dodging        | 3 5 6 9 12 | 12.4
Shields        | 2 5 8 10 11 12 15 17 18 | 18.1
Spellcasting   | 2 5 8 |  8.0
Poison Magic   | 1 5 |  5.0
Shapeshifting  | 7 8 9 10 13 15 | 15.0
Evocations     | 5 8 |  8.0
Stealth        | 3 10 | 10.0
Unarmed Combat | |  3.0

Action                     |  1- 3 |  4- 6 |  7- 9 | 10-12 | 13-15 | 16-18 | 19-21 | 22-24 || total
---------------------------+-------+-------+-------+-------+-------+-------+-------+-------++-------
  Melee: Unarmed           |    17 |       |       |       |       |       |       |       ||    17
         Bite              |    20 |    36 |   102 |   373 |   202 |   924 |   749 |   877 ||  3283
         Punch             |     1 |     4 |    13 |    11 |       |       |       |       ||    29
         Dagger            |    59 |   114 |   292 |   909 |   461 |   511 |       |       ||  2346
         Rapier            |       |       |       |       |       |  1224 |  1288 |  1470 ||  3982
 Invoke: Potion Petition   |       |       |       |     1 |     2 |     2 |     8 |     5 ||    18
  Evoke: Wand              |       |       |       |     1 |       |       |     3 |     5 ||     9
         Tin of tremorston |       |       |       |       |       |       |     1 |     3 ||     4
         Phantom mirror    |       |       |       |       |       |       |     1 |       ||     1
    Use: Scroll            |       |       |     6 |    15 |     6 |    14 |     7 |     6 ||    54
         Potion            |       |       |     1 |       |     2 |     2 |     5 |     3 ||    13
   Stab: Distracted        |       |       |       |     7 |     1 |    15 |     3 |    13 ||    39
         Petrified         |       |       |       |     2 |       |     2 |       |       ||     4
         Petrifying        |       |       |       |       |       |     2 |       |       ||     2
         Confused          |       |       |       |       |       |       |     1 |       ||     1
         Sleeping          |       |       |       |       |       |       |     2 |     9 ||    11
         Invisible         |       |       |       |       |       |       |       |     4 ||     4
 Armour: Animal skin       |     7 |       |       |       |       |       |       |       ||     7
         Ring mail         |    12 |    26 |    49 |     4 |       |       |       |       ||    91
         Scale mail        |       |       |       |   207 |    95 |   663 |   443 |       ||  1408
         Skin              |       |       |       |       |       |       |   602 |   539 ||  1141
         Plate armour      |       |       |       |       |       |       |    55 |   206 ||   261
  Dodge: Dodged            |    37 |    44 |   136 |   488 |   201 |   637 |  1003 |   928 ||  3474
  Block: Kite shield       |       |       |       |   118 |   197 |  1043 |  1207 |   253 ||  2818
         Tower shield      |       |       |       |       |       |       |       |  1660 ||  1660
         Form:             |       |       |       |       |       |     1 |       |     1 ||     2
         Statue            |       |       |       |       |       |       |     1 |     1 ||     2

Table legend: (Time is in decaauts)
 A = Elapsed time spent in this place.
 B = Non-inter-level travel time spent in this place.
 C = Inter-level travel time spent in this place.
 D = Time resting spent in this place.
 E = Time spent auto-exploring this place.
 F = Levels seen in this place.
 G = Mean time per level.
                   A        B        C        D        E       F      G
               +--------+--------+--------+--------+--------+-----+--------+
         Total |  48903 |  44112 |   4791 |   6253 |  25584 |  42 | 1164.4 |
       Dungeon |  14073 |  11792 |   2281 |   1620 |   7118 |  15 |  938.2 |
        Temple |      8 |      8 |      0 |      0 |      0 |   1 |    8.0 |
          Lair |   5660 |   5122 |    538 |    496 |   3383 |   5 | 1132.0 |
         Swamp |   4153 |   3675 |    478 |    907 |   1815 |   4 | 1038.2 |
   Spider Nest |   6634 |   6422 |    212 |   1701 |   3108 |   4 | 1658.5 |
  Orcish Mines |   1912 |   1656 |    256 |    210 |    770 |   2 |  956.0 |
   Elven Halls |   4539 |   4204 |    335 |    581 |   2461 |   3 | 1513.0 |
        Vaults |   7768 |   7212 |    556 |     30 |   4941 |   4 | 1942.0 |
        Depths |   3784 |   3652 |    132 |    673 |   1880 |   2 | 1892.0 |
          Hell |     67 |     67 |      0 |      0 |      0 |   1 |   67.0 |
       Volcano |    301 |    301 |      0 |     32 |    104 |   1 |  301.0 |
               +--------+--------+--------+--------+--------+-----+--------+

Top non-repeatable levels by time:
Vaults:2: 2463 daAuts
Spider:3: 2094 daAuts
Depths:1: 2074 daAuts
Spider:4: 1932 daAuts
   Elf:3: 1900 daAuts
Vaults:1: 1859 daAuts
 Swamp:2: 1847 daAuts
Vaults:4: 1726 daAuts
Vaults:3: 1718 daAuts
Depths:2: 1710 daAuts
   Elf:1: 1642 daAuts
     D:8: 1590 daAuts
Spider:2: 1491 daAuts
  Lair:5: 1469 daAuts
   Orc:2: 1256 daAuts
